Map: Distant Plane

Players

Amix

  • Race: Protoss Protoss
  • League: Platinum
  • Spawn Location: 5:00

rusich

  • Race: Protoss Protoss
  • Spawn Location: 5:00

A.I. 2 (Elite)

  • Race: Protoss Protoss
  • Spawn Location: 1:00

A.I. 3 (Elite)

  • Race: Terran Terran
  • Spawn Location: 1:00

VOD

Have the link to the VOD?

Description

Time

  • Played on: Nov. 29, 2016, 9:19 a.m.
  • Length: 12:58
Show
View Real Time Build Order
Export as new Build Order

Amix Protoss 

Build Orders:  

Get SALT Encoding   

  12  0:02  Probe (Chrono Boost)  
  14  0:14  Probe (Chrono Boost)  
  14  0:21  Pylon  
  14  0:24  Probe (Chrono Boost)  
  15  0:39  Probe (Chrono Boost)  
  16  0:43  Gateway  
  16  0:50  Probe (Chrono Boost)  
  16  0:56  Pylon  
  17  1:00  Probe (Chrono Boost)  
  17  1:02  Assimilator  
  18  1:19  Probe (Chrono Boost)  
  19  1:31  Cybernetics Core  
  19  1:36  Zealot  
  21  1:52  Nexus  
  21  1:59  Pylon  
  21  2:03  Probe (Chrono Boost)  
  22  2:08  Zealot  
  22  2:14  Probe (Chrono Boost)  
  25  2:22  Assimilator  
  25  2:29  Probe (Chrono Boost)  
  26  2:42  Adept  
  28  2:45  Probe (Chrono Boost)  
  29  2:55  Warp Gate (Chrono Boost), Probe (Chrono Boost)  
  29  2:56  Gateway  
  29  2:58  Gateway  
  30  3:03  Probe  
  31  3:07  Probe  
  32  3:14  Probe  
  32  3:19  Probe  
  34  3:26  Forge  
  34  3:31  Probe  
  34  3:33  Pylon  
  36  3:41  Mothership Core  
  36  3:43  Probe  
  38  4:03  Photon Cannon  
  38  4:08  Photon Cannon  
  38  4:11  Probe  
  38  4:12  Probe  
  40  4:21  Protoss Ground Weapons Level 1 (Chrono Boost)  
  40  4:23  Probe  
  41  4:24  Probe  
  41  4:31  Pylon  
  42  4:35  Probe  
  42  4:36  Probe  
  44  4:51  Gateway, Probe x2  
  46  4:56  Gateway  
  46  5:01  Adept x2  
  46  5:02  Adept  
  46  5:03  Probe x2  
  54  5:08  Assimilator  
  54  5:15  Probe x2  
  56  5:26  Adept x2  
  56  5:27  Probe x2, Adept  
  64  5:35  Assimilator  
  64  5:39  Probe x2  
  66  5:59  Pylon  
  66  6:00  Stalker x2  
  66  6:02  Protoss Shields Level 1 (Chrono Boost), Pylon  
  70  6:17  Pylon  
  70  6:20  Pylon  
  70  6:23  Stargate  
  70  6:26  Stargate  
  70  6:27  Stargate  
  70  6:32  Adept x2  
  74  6:33  Adept x3  
  80  6:44  Probe  
  80  6:47  Probe  
  82  6:59  Adept x2  
  82  7:00  Adept x3  
  92  7:08  Void Ray  
  92  7:10  Void Ray  
  100  7:40  Pylon  
  100  7:46  Protoss Ground Armor Level 1 (Chrono Boost)  
  100  7:58  Void Ray x2  
  108  8:02  Pylon x2  
  108  8:05  Pylon  
  108  8:06  Pylon  
  108  8:20  Void Ray  
  106  8:41  Stalker x3  
  106  8:42  Stalker x2, Pylon  
  106  8:46  Void Ray x2  
  124  8:58  Pylon  
  124  9:00  Pylon  
  124  9:03  Void Ray  
  128  9:12  Nexus  
  128  9:20  Adept x2  
  132  9:28  Probe x2  
  132  9:29  Void Ray  
  138  9:40  Probe x2  
  128  9:52  Probe  
  103  10:06  Probe x2  
  105  10:18  Probe x2, Assimilator  
  107  10:22  Assimilator  
  107  10:25  Mothership Core  
  109  10:30  Probe x2  
  111  10:40  Fleet Beacon  
  112  10:42  Fleet Beacon, Probe x2  
  112  10:45  Probe  
  114  10:55  Probe  
  114  10:57  Nexus, Probe x2  
  114  11:02  Void Ray x2  
  114  11:03  Void Ray  
  129  11:10  Pylon  
  129  11:14  Pylon  
  129  11:20  Graviton Catapult (Chrono Boost)  
  129  11:24  Anion Pulse-Crystals (Chrono Boost)  
  129  11:46  Cybernetics Core  
  129  12:04  Assimilator  
  129  12:09  Assimilator  
Show
View Real Time Build Order
Export as new Build Order

rusich Protoss 

Build Orders:  

Get SALT Encoding   

  12  0:04  Probe (Chrono Boost)  
  13  0:15  Probe (Chrono Boost)  
  14  0:25  Probe (Chrono Boost)  
  15  0:34  Pylon  
  15  0:39  Assimilator  
  15  0:43  Assimilator  
  15  0:53  Forge  
  15  0:55  Probe (Chrono Boost)  
  16  1:06  Probe (Chrono Boost)  
  16  1:07  Gateway  
  17  1:29  Photon Cannon  
  17  1:36  Photon Cannon  
  17  1:54  Nexus  
  17  2:06  Pylon  
  17  2:19  Pylon  
  17  2:30  Photon Cannon  
  17  2:33  Photon Cannon  
  17  2:40  Photon Cannon  
  17  2:48  Assimilator  
  17  2:54  Assimilator  
  17  3:03  Photon Cannon  
  17  3:07  Photon Cannon  
  17  3:12  Probe (Chrono Boost)  
  18  3:22  Probe (Chrono Boost)  
  18  3:26  Cybernetics Core  
  19  3:39  Probe (Chrono Boost)  
  20  3:44  Pylon  
  20  3:46  Zealot  
  22  3:50  Probe (Chrono Boost)  
  23  4:00  Probe (Chrono Boost)  
  23  4:01  Probe (Chrono Boost)  
  25  4:12  Probe (Chrono Boost)  
  25  4:13  Zealot  
  28  4:19  Photon Cannon  
  28  4:22  Probe (Chrono Boost), Photon Cannon  
  29  4:32  Photon Cannon  
  29  4:35  Probe (Chrono Boost)  
  31  4:45  Probe (Chrono Boost)  
  31  4:48  Pylon  
  31  4:56  Probe (Chrono Boost), Photon Cannon  
  32  5:10  Photon Cannon  
  32  5:16  Photon Cannon  
  32  5:21  Photon Cannon  
  32  5:48  Stargate  
  32  5:54  Stargate  
  32  5:58  Pylon  
  32  6:00  Protoss Air Weapons Level 1  
  32  6:06  Probe (Chrono Boost)  
  33  6:16  Probe (Chrono Boost)  
  36  6:18  Zealot  
  36  6:23  Protoss Shields Level 1  
  36  6:27  Probe (Chrono Boost)  
  37  6:41  Pylon  
  37  6:45  Zealot, Void Ray  
  43  7:10  Void Ray  
  43  7:12  Zealot  
  49  7:18  Photon Cannon  
  49  7:20  Photon Cannon  
  49  7:30  Nexus  
  49  7:39  Zealot  
  51  7:52  Void Ray  
  51  7:55  Protoss Air Armor Level 1  
  54  8:07  Zealot  
  56  8:17  Protoss Ground Armor Level 1  
  56  8:44  Nexus  
  56  8:49  Assimilator  
  56  8:54  Assimilator  
  56  8:58  Void Ray, Pylon  
  60  9:11  Probe (Chrono Boost)  
  61  9:22  Probe (Chrono Boost)  
  62  9:32  Probe (Chrono Boost)  
  63  9:43  Probe (Chrono Boost)  
  62  9:53  Probe (Chrono Boost)  
  63  10:11  Protoss Ground Weapons Level 1  
  63  10:13  Void Ray  
  67  10:17  Void Ray  
  71  10:27  Probe (Chrono Boost)  
  72  10:34  Photon Cannon  
  72  10:37  Photon Cannon  
  72  10:38  Probe (Chrono Boost)  
  72  10:42  Photon Cannon  
  73  10:48  Probe (Chrono Boost)  
  74  10:59  Probe (Chrono Boost)  
  75  11:09  Probe (Chrono Boost)  
  75  11:10  Assimilator  
  76  11:18  Pylon  
  76  11:20  Pylon  
  76  11:31  Stargate  
  76  11:36  Pylon  
  76  11:38  Zealot  
  78  11:52  Photon Cannon  
  78  11:56  Photon Cannon  
  78  11:59  Photon Cannon  
  78  12:02  Probe (Chrono Boost)  
  78  12:05  Zealot  
  81  12:12  Probe (Chrono Boost)  
  81  12:14  Photon Cannon  
  82  12:18  Pylon  
  83  12:22  Probe (Chrono Boost)  
  83  12:23  Probe (Chrono Boost)  
  88  12:33  Probe x2 (Chrono Boost)  
  72  12:44  Probe x2 (Chrono Boost)  
Show
View Real Time Build Order
Export as new Build Order

A.I. 2 (Elite) Protoss 

Build Orders: Zealot Archon 

Get SALT Encoding   

  12  0:01  Probe (Chrono Boost)  
  13  0:11  Probe (Chrono Boost)  
  14  0:21  Pylon  
  14  0:22  Probe (Chrono Boost)  
  15  0:39  Probe (Chrono Boost)  
  16  0:48  Assimilator  
  17  0:50  Probe (Chrono Boost)  
  17  0:52  Gateway  
  17  1:00  Probe (Chrono Boost)  
  17  1:03  Pylon  
  18  1:11  Probe (Chrono Boost)  
  19  1:21  Probe (Chrono Boost)  
  20  1:32  Probe (Chrono Boost)  
  21  1:38  Zealot  
  21  1:41  Cybernetics Core  
  21  1:43  Gateway  
  21  1:45  Probe (Chrono Boost)  
  24  1:54  Pylon  
  24  1:57  Probe (Chrono Boost)  
  25  2:02  Zealot  
  25  2:08  Assimilator  
  27  2:13  Warp Gate  
  27  2:15  Probe (Chrono Boost)  
  28  2:27  Probe (Chrono Boost)  
  28  2:28  Adept  
  28  2:29  Adept  
  33  2:43  Robotics Facility  
  33  2:47  Probe (Chrono Boost)  
  34  2:55  Adept  
  34  2:56  Adept  
  38  3:06  Pylon  
  38  3:09  Probe (Chrono Boost)  
  39  3:22  Adept  
  39  3:23  Sentry  
  43  3:30  Immortal  
  47  3:44  Probe (Chrono Boost)  
  47  3:45  Pylon  
  47  4:01  Stalker x2  
  47  4:09  Pylon  
  51  4:13  Immortal  
  55  4:27  Twilight Council  
  55  4:48  Pylon  
  55  5:04  Templar Archives  
  55  5:17  Zealot, Gateway  
  57  5:23  Zealot  
  59  5:34  Nexus, Pylon  
  59  5:36  Zealot  
  61  5:43  High Templar  
  63  5:55  High Templar  
  65  6:12  Zealot  
  65  6:13  Archon  
  65  6:14  Zealot, Pylon  
  69  6:25  Stalker  
  71  6:31  High Templar  
  73  6:33  Zealot  
  75  6:46  Pylon  
  75  6:47  Zealot  
  75  6:48  Probe x2 (Chrono Boost)  
  79  6:58  High Templar  
  79  6:59  Probe (Chrono Boost)  
  79  7:00  Probe (Chrono Boost)  
  83  7:02  Assimilator  
  83  7:04  Assimilator  
  83  7:06  Stalker  
  85  7:11  Probe (Chrono Boost)  
  85  7:12  Probe (Chrono Boost)  
  85  7:15  Archon  
  87  7:22  Probe (Chrono Boost)  
  89  7:23  Probe (Chrono Boost)  
  89  7:31  High Templar  
  89  7:33  Probe (Chrono Boost)  
  89  7:34  Probe (Chrono Boost)  
  93  7:44  Probe (Chrono Boost)  
  94  7:45  Probe (Chrono Boost)  
  94  7:48  High Templar  
  94  7:50  Pylon  
  97  7:53  Observer  
  97  7:55  Probe (Chrono Boost)  
  97  7:57  Probe (Chrono Boost)  
  100  7:59  Stalker  
  100  8:04  Stalker  
  104  8:06  Probe (Chrono Boost)  
  104  8:09  Probe (Chrono Boost)  
  104  8:10  Pylon  
  100  8:18  Probe (Chrono Boost)  
  100  8:19  Stalker  
  83  8:22  Stalker  
  83  8:26  Adept  
  57  8:40  High Templar  
  59  8:43  Adept  
  59  8:46  Zealot  
  63  9:00  Archon  
  63  9:01  Stalker  
  65  9:04  Stalker  
  65  9:09  High Templar  
  69  9:22  Sentry  
  69  9:23  Nexus  
  71  9:25  Zealot  
  73  9:38  Stalker  
  73  9:43  Stalker  
  73  9:44  Stalker  
  79  9:57  Stargate  
  79  9:59  Stalker  
  81  10:04  Zealot, Sentry  
  81  10:07  Forge  
  85  10:16  Forge  
  85  10:20  High Templar  
  87  10:23  Zealot, Gateway  
  87  10:25  Zealot  
  91  10:36  Protoss Ground Weapons Level 1, Probe (Chrono Boost)  
  91  10:37  Probe x2 (Chrono Boost)  
  91  10:40  Phoenix  
  91  10:42  Zealot  
  98  10:43  Zealot  
  98  10:47  Archon  
  98  10:48  Probe (Chrono Boost)  
  102  10:50  Zealot, Probe (Chrono Boost)  
  102  10:52  Probe (Chrono Boost)  
  105  11:00  Probe (Chrono Boost)  
  105  11:01  Probe (Chrono Boost), High Templar  
  105  11:02  Assimilator  
  105  11:03  Zealot  
  105  11:04  Probe (Chrono Boost), Phoenix  
  112  11:09  Zealot  
  117  11:11  Probe (Chrono Boost)  
  117  11:13  Probe (Chrono Boost)  
  117  11:15  Probe (Chrono Boost)  
  117  11:17  High Templar  
  121  11:22  Zealot  
  121  11:23  Probe (Chrono Boost)  
  121  11:25  Probe (Chrono Boost)  
  125  11:26  Probe (Chrono Boost)  
  125  11:27  Pylon  
  125  11:28  Zealot  
  125  11:32  Zealot  
  130  11:34  Probe (Chrono Boost)  
  130  11:36  Probe (Chrono Boost)  
  130  11:37  Archon  
  130  11:39  Probe (Chrono Boost)  
  133  11:41  Zealot  
  133  11:45  Probe (Chrono Boost)  
  136  11:47  Zealot  
  136  11:48  Zealot  
  136  11:50  Probe (Chrono Boost), Pylon  
  136  11:51  Zealot  
  143  12:01  Zealot  
  145  12:05  Phoenix  
  145  12:06  Zealot  
  145  12:08  Zealot  
  151  12:16  Nexus, Pylon  
  151  12:23  Archon  
  151  12:28  Phoenix  
  147  12:39  Zealot  
  147  12:42  Zealot, Pylon  
  147  12:43  Sentry  
  129  12:46  Stalker  
Show
View Real Time Build Order
Export as new Build Order

A.I. 3 (Elite) Terran 

Build Orders: MMM Bio 

Get SALT Encoding   

  12  0:01  SCV  
  13  0:13  SCV  
  14  0:18  Supply Depot  
  14  0:25  SCV  
  15  0:40  SCV  
  16  0:46  Barracks  
  16  0:52  SCV  
  17  1:04  SCV  
  18  1:12  Refinery  
  18  1:14  Supply Depot  
  18  1:16  SCV  
  19  1:28  SCV  
  20  1:33  Marine  
  21  1:43  Command Center  
  21  2:07  Barracks  
  21  2:08  SCV  
  22  2:11  Marine  
  23  2:16  Factory  
  23  2:20  SCV  
  24  2:25  Supply Depot  
  24  2:30  Marine  
  24  2:32  SCV  
  26  2:44  SCV  
  26  2:47  Marine  
  28  2:55  Orbital Command  
  28  2:56  SCV  
  29  3:00  Factory Tech Lab  
  29  3:03  Refinery  
  29  3:13  Orbital Command  
  29  3:15  Marine  
  29  3:18  Marine  
  31  3:24  SCV  
  32  3:33  Marine  
  33  3:36  Marine, SCV  
  33  3:38  SCV  
  36  3:46  Barracks  
  36  3:48  SCV  
  36  3:51  Marine, SCV  
  36  3:55  Barracks Tech Lab  
  39  3:59  Starport  
  39  4:00  SCV  
  40  4:03  SCV  
  40  4:09  Barracks Tech Lab  
  41  4:13  Marine, SCV  
  41  4:15  SCV, Stimpack  
  44  4:21  Supply Depot  
  44  4:25  SCV  
  44  4:27  Marine, SCV, Combat Shields  
  47  4:31  Marine  
  47  4:33  Marine  
  47  4:37  SCV, Medivac  
  52  4:42  SCV  
  52  4:45  Marine  
  53  4:46  Supply Depot  
  53  4:49  Marine, SCV  
  53  4:50  Supply Depot  
  53  4:51  Marine  
  57  4:58  SCV  
  58  5:01  SCV  
  58  5:04  Marauder  
  61  5:07  Marauder, Medivac  
  61  5:08  Marine  
  61  5:09  Refinery  
  61  5:10  SCV  
  61  5:13  SCV  
  68  5:17  Supply Depot  
  68  5:18  Refinery  
  68  5:22  SCV  
  68  5:25  Marauder, SCV  
  72  5:29  Marauder  
  72  5:34  SCV  
  75  5:37  SCV  
  75  5:39  Engineering Bay  
  76  5:43  Supply Depot  
  76  5:46  Marauder, SCV  
  76  5:49  SCV  
  80  5:50  Marauder  
  82  6:00  Command Center, Engineering Bay  
  82  6:05  SCV  
  82  6:06  SCV, Terran Infantry Weapons Level 1  
  82  6:08  Marauder  
  82  6:10  Supply Depot  
  86  6:12  Marauder  
  86  6:17  SCV  
  89  6:18  SCV  
  89  6:21  Barracks Reactor, Concussive Shells  
  90  6:25  Terran Infantry Armor Level 1  
  90  6:29  Marauder  
  90  6:30  Missile Turret  
  90  6:32  Siege Tank  
  95  6:33  Marauder  
  95  6:36  Supply Depot  
  97  6:44  Missile Turret  
  97  6:50  Barracks, Marauder, Starport Reactor  
  99  6:54  Marauder  
  101  7:02  Supply Depot  
  101  7:03  Widow Mine  
  101  7:06  Missile Turret  
  103  7:12  Marauder, SCV x2  
  103  7:13  SCV  
  108  7:16  Marauder  
  110  7:24  SCV  
  110  7:26  Medivac  
  113  7:32  Widow Mine  
  113  7:35  Orbital Command, Missile Turret  
  113  7:36  Command Center  
  115  7:39  SCV  
  115  7:40  Missile Turret  
  115  7:41  SCV  
  115  7:43  Supply Depot  
  117  7:57  Factory  
  117  8:00  Hi-Sec Auto Tracking, Widow Mine  
  119  8:07  Starport  
  119  8:11  Marauder, Missile Turret  
  121  8:13  Marauder  
  121  8:14  Supply Depot  
  121  8:15  Refinery  
  121  8:19  Building Armor  
  123  8:20  Viking  
  123  8:24  Viking  
  127  8:29  Widow Mine  
  127  8:33  Marauder  
  131  8:35  Marauder  
  131  8:39  SCV  
  134  8:41  Supply Depot, Factory Tech Lab  
  134  8:43  Viking  
  134  8:45  Refinery  
  134  8:48  SCV x2  
  137  8:49  SCV  
  137  8:50  Viking  
  137  8:51  SCV  
  137  8:54  Marauder, Viking  
  146  8:56  Marauder  
  146  9:00  SCV  
  146  9:01  SCV x2  
  151  9:03  SCV  
  151  9:04  Supply Depot  
  152  9:12  SCV  
  152  9:13  Viking  
  152  9:14  Siege Tank  
  152  9:15  SCV  
  159  9:21  Fusion Core, Siege Tank  
  162  9:30  Supply Depot  
  162  9:33  Refinery  
  161  9:40  Refinery, Viking  
  161  9:42  Marine x2, Viking  
  161  9:43  Marine  
  161  9:45  Marine x2, Starport Tech Lab  
  108  10:00  Marine x2, Marauder  
  108  10:03  Marine, Viking, Marauder  
  114  10:10  Viking  
  114  10:12  Viking  
  118  10:18  Marine  
  118  10:19  Marine  
  120  10:22  Marauder  
  120  10:24  Marine  
  120  10:25  Marine  
  124  10:33  Battlecruiser  
  130  10:36  Marine  
  130  10:40  Marine, Viking  
  130  10:42  Marauder, Viking, Command Center  
  138  10:43  Marauder  
  140  10:58  Supply Depot  
  140  11:04  Marauder x2, Siege Tank  
  145  11:10  Viking  
  149  11:12  Viking  
  151  11:19  Siege Tank  
  151  11:22  Supply Depot  
  151  11:25  Marauder  
  156  11:26  Marauder  
  158  11:37  Viking  
  160  11:40  Viking  
  160  11:42  Viking  
  160  11:46  Marauder  
  166  11:47  Marauder  
  166  11:48  Armory  
  168  12:06  Refinery  
  168  12:07  Raven  
  168  12:08  Marauder  
  172  12:09  Marauder, Missile Turret  
  172  12:12  Hellion, Missile Turret  
  172  12:13  Refinery  
  176  12:17  Factory  
  176  12:20  Hellion  
  178  12:29  Marauder, Armory  
  180  12:30  Marauder  
  180  12:31  Command Center  
  180  12:33  Hellion  
Tags
 
Add a new tag
Caveats
  • Supply blocks, unpowered buildings, or Contaminate may cause inaccurate times.
  • Supply counts are checked every 10 seconds.